 Dungeon Crawl Stone Soup version 0.27.0-1-g7a089689b8 (webtiles) character file.

Game seed: 4282249424870274434

3491 Smaepdii the Cleaver (level 9, -1/82 HPs)
             Began as a Deep Dwarf Fighter on Aug 2, 2021.
             Was a Believer of Makhleb.
             Killed from afar by a gargoyle (16 damage)
             ... with a stone arrow
             ... on level 8 of the Dungeon.
             The game lasted 00:45:11 (6703 turns).

Smaepdii the Cleaver (Deep Dwarf Fighter)           Turns: 6703, Time: 00:45:12

Health: -1/82      AC: 16    Str: 23    XL:     9   Next: 80%
Magic:  3/3        EV: 10    Int:  9    God:    Makhleb [**....]
Gold:   415        SH: 11    Dex: 12    Spells: 8/8 levels left

rFire    + . .     SeeInvis .   u - +5 flail "Kurgh" {freeze, rElec rN++}
rCold    . . .     Faith    .   c - +0 kite shield
rNeg     + + +     Spirit   .   q - +0 chain mail
rPois    .         Reflect  .   (no helmet)
rElec    +         Harm     .   j - +1 cloak
rCorr    .         Rampage  .   (no gloves)
Will     ++...     NoTele   +   x - +2 pair of boots of Soqu {-Tele rF+ Will+ Stlth+}
Stlth    ..........             (no amulet)
HPRegen  0.00/turn              i - ring of positive energy
MPRegen  0.08/turn              h - +4 ring of evasion

@: no status effects
A: damage resistance, heal wounds, sense surroundings 2, no regeneration
a: Heal Wounds, Renounce Religion, Minor Destruction


You were on level 8 of the Dungeon.
You worshipped Makhleb.
Makhleb was pleased with you.
You visited 2 branches of the dungeon, and saw 9 of its levels.
You also visited: Bailey.

You collected 415 gold pieces.

Inventory:

Hand Weapons
 n - a +3 flail of holy wrath
 u - the +5 flail "Kurgh" (weapon) {freeze, rElec rN++}
   (You took it off an orc on level 5 of the Dungeon)

   It freezes those it strikes, dealing additional cold damage.
   It can also slow down cold-blooded creatures.
   rElec:     It insulates you from electricity.
   rN:        It greatly protects you from negative energy.
 w - the +5 mace of Nounk {elec, +Rage Dex+4}
   (You found it on level 5 of the Dungeon)

   It occasionally discharges a powerful burst of electricity upon striking a
   foe.
   Dex:       It affects your dexterity (+4).
   +Rage:     It lets you go berserk.
Missiles
 t - 7 throwing nets
Armour
 c - a +0 kite shield (worn)
 j - a +1 cloak (worn)
 q - a +0 chain mail (worn)
 v - a +1 robe of fire resistance
 x - the +2 pair of boots of Soqu (worn) {-Tele rF+ Will+ Stlth+}
   (You found it in a bailey)

   rF:        It protects you from fire.
   -Tele:     It prevents most forms of teleportation.
   Will:      It increases your willpower.
   Stlth:     It makes you more stealthy.
Jewellery
 h - a +4 ring of evasion (right hand)
 i - a ring of positive energy (left hand)
Wands
 p - a wand of flame (28) (quivered)
 r - a wand of iceblast (6)
Scrolls
 a - a scroll of identify
 b - a scroll of fog
 d - a scroll of immolation
 e - 5 scrolls of teleportation
 l - 2 scrolls of amnesia
Potions
 f - 2 potions of brilliance
 g - 2 potions of cancellation
 k - a potion of curing
 m - 2 potions of mutation
Miscellaneous
 s - a lightning rod (4/4)


   Skills:
 + Level 6.0 Fighting
 * Level 9.1 Axes
 + Level 7.2 Armour
 + Level 7.3 Shields
 + Level 6.7 Invocations


You had 8 spell levels left.
You didn't know any spells.
Your spell library contained the following spells:

 Spells                   Type           Power      Damage    Failure   Level
 Sting                    Tmut/Pois      0%         1d3       100%        1
 Summon Small Mammal      Summ           0%         N/A       100%        1
 Poisonous Vapours        Pois/Air       0%         N/A       100%        2
 Slow                     Hex            0%         N/A       100%        2
 Call Canine Familiar     Summ           0%         N/A       100%        3
 Confusing Touch          Hex            0%         N/A       100%        3
 Gell's Gravitas          Tloc           0%         N/A       100%        3
 Lesser Beckoning         Tloc           0%         N/A       100%        3
 Summon Guardian Golem    Hex/Summ       0%         N/A       100%        3
 Teleport Other           Tloc           0%         N/A       100%        3
 Animate Armour           Summ/Erth      0%         N/A       100%        4
 Olgreb's Toxic Radiance  Pois           0%         N/A       100%        4
 Blade Hands              Tmut           0%         N/A       100%        5
 Yara's Violent Unravell  Hex/Tmut       0%         3d3       100%        5
 Iron Shot                Conj/Erth      0%         9d1       100%        6


Dungeon Overview and Level Annotations

Branches:
Dungeon (8/15)             Temple (1/1) D:4          Bailey (visited)
   Lair: D:8-11

Altars:
Ashenzari
Cheibriados
Dithmenos
Elyvilon
Fedhas
Gozag
Hepliaklqana
Kikubaaqudgha
Makhleb
Nemelex Xobeh
Okawaru
Qazlal
Ru
Sif Muna
Trog
Uskayaw
Vehumet
Wu Jian
Xom
Yredelemnul
Zin


Innate Abilities, Weirdness & Mutations

You are resistant to damage.
You can heal yourself by infusing magical energy.
You passively map the area around you.
You do not regenerate.


Message History

You now have 415 gold pieces (gained 14).
You fail to use your ability.
Your magical essence is drained by the effort!
You feel much better.
You enter the shallow water.
Moving in this stuff is going to be slow.
Things that are here:
a +0 spear; an orc skeleton
Things that are here:
a +0 spear; a gnoll skeleton You enter the shallow water.
Moving in this stuff is going to be slow.
A goblin comes into view. It is wielding a +0 spear.
The goblin shouts!
You hear a shout!
An orc comes into view. It is wielding a +0 spear.
You hear a shout!
Found a hunting sling.
A gargoyle comes into view. It is wielding a +0 flail.
The gargoyle hurls a stone arrow at you.
The stone arrow hits you!
The goblin splashes around in the water.
You closely miss the goblin.
The goblin splashes around in the water.
You block the gargoyle's attack. The orc barely misses you.
You hit the gargoyle but do no damage. You block the goblin's attack.
The gargoyle hits you with a +0 flail!
The orc splashes around in the water.
The goblin hits you but does no damage.
You hit the gargoyle but do no damage.
A goblin comes into view. It is wielding a +0 spear.
The gargoyle hits you with a +0 flail! The orc hits you but does no damage.
The goblin splashes around in the water.
The gargoyle hits you with a +0 flail!
* * * LOW HITPOINT WARNING * * *
You hit the gargoyle. You freeze the gargoyle.
The gargoyle is lightly damaged.
The orc barely misses you.
The goblin splashes around in the water.
The gargoyle hurls a stone arrow at you.
The stone arrow hits you!
You die...

#################
##...........@9..#
**
##≈≈≈))≈≈≈≈≈≈≈≈go.#
* ,
#.≈###)......###g.#
##.≈# ####∩####
#≈.... , ##..≈##
### *#≈.#.# ,,
.#..≈.# *.≈.#.# ,
,, , .#..≈.# )≈##,#
, .#..≈.# .≈# , * *
.#).≈.# * ,, **


You could see a gargoyle, an orc and 2 goblins.

Vanquished Creatures
  A meliai zombie (D:6)
  Eustachio (D:4)
  A steam dragon (D:6)
  Edmund (D:5)
  Duvessa (D:5)
  2 water moccasins
  2 ice beasts
  A sky beast (D:6)
  3 ogres
  A necrophage (D:2)
  A centaur (D:7)
  A phantom (D:6)
  3 scorpions
  8 gnoll sergeants (Bailey)
  Dowan (D:5)
  A bullfrog zombie (D:3)
  9 gnoll shamans
  5 hounds
  2 bullfrog skeletons
  A scorpion zombie (D:5)
  Crazy Yiuf (D:5)
  2 iguanas
  An orc wizard (D:5)
  Natasha (thrice) (D:4)
  A hound skeleton (D:5)
  26 gnolls
  7 adders
  A shadow imp (D:6)
  A white imp (D:6)
  4 worms
  A dart slug (D:3)
  14 orcs
  7 ball pythons
  3 endoplasms (D:1)
  2 giant cockroaches
  8 goblins
  5 hobgoblins
  5 kobolds
  4 quokkas
  2 bats
  4 frilled lizards
  5 rats
  A butterfly (D:4)
154 creatures vanquished.

Notes
Turn   | Place    | Note
-------+----------+-------------------------------------------
     0 | D:1      | Smaepdii the Deep Dwarf Fighter began the quest for the
                  | Orb.
     0 | D:1      | Reached XP level 1. HP: 20/20 MP: 1/1
   381 | D:1      | Reached XP level 2. HP: 16/27 MP: 2/2
   977 | D:2      | Reached XP level 3. HP: 15/34 MP: 3/3
   987 | D:2      | Noticed a necrophage
  1001 | D:2      | Killed a necrophage
  1002 | D:2      | Reached skill level 3 in Axes
  1002 | D:2      | Reached XP level 4. HP: 36/42 MP: 4/4
  1017 | D:2      | Reached XP level 5. HP: 42/49 MP: 5/5
  1142 | D:2      | Found a faded altar of an unknown god.
  1826 | D:3      | Reached skill level 1 in Invocations
  1908 | D:3      | Found a sacrificial altar of Ru.
  1998 | D:3      | Reached skill level 4 in Axes
  1998 | D:3      | Reached XP level 6. HP: 38/57 MP: 6/6
  2313 | D:4      | Noticed Eustachio
  2384 | D:4      | Killed Eustachio
  2492 | D:4      | Noticed Natasha
  2503 | D:4      | Killed Natasha
  2624 | D:4      | Found a staircase to the Ecumenical Temple.
  2640 | Temple   | Entered the Ecumenical Temple
  2799 | Temple   | Became a worshipper of Makhleb the Destroyer
  2851 | D:4      | Noticed Natasha
  2860 | D:4      | Killed Natasha
  3099 | D:4      | Found a sparkling altar of Nemelex Xobeh.
  3191 | D:4      | Noticed Natasha
  3206 | D:4      | Killed Natasha
  3207 | D:4      | Reached XP level 7. HP: 34/64 MP: 8/8
  3420 | D:4      | Found a shimmering blue altar of Sif Muna.
  3470 | D:5      | Entered Level 5 of the Dungeon
  3477 | D:5      | Reached skill level 5 in Shields
  3492 | D:5      | Reached skill level 5 in Axes
  3492 | D:5      | Reached skill level 5 in Armour
  3504 | D:5      | Identified the +5 flail "Kurgh" {freeze, rElec rN++}
  3691 | D:5      | Noticed Edmund
  3697 | D:5      | Killed Edmund
  3790 | D:5      | Noticed Dowan
  3790 | D:5      | Noticed Duvessa
  3801 | D:5      | Killed Dowan
  3814 | D:5      | Killed Duvessa
  3815 | D:5      | Reached skill level 6 in Axes
  3815 | D:5      | Reached XP level 8. HP: 33/73 MP: 10/10
  3925 | D:5      | Reached * piety under Makhleb
  4023 | D:5      | Found a runed translucent door.
  4024 | D:5      | Noticed Crazy Yiuf
  4031 | D:5      | Killed Crazy Yiuf
  4035 | D:5      | Identified the +5 mace of Nounk {elec, +Rage Dex+4}
  4485 | D:6      | Found an ancient bone altar of Kikubaaqudgha.
  4724 | D:6      | Reached skill level 5 in Fighting
  4724 | D:6      | Reached skill level 7 in Axes
  4724 | D:6      | Reached skill level 5 in Invocations
  5102 | D:6      | Gained mutation: You passively map the area around you.
                  | [Deep Dwarf growth]
  5102 | D:6      | Reached XP level 9. HP: 41/81 MP: 11/11
  5393 | D:7      | Reached skill level 8 in Axes
  5442 | D:7      | Reached ** piety under Makhleb
  5467 | D:7      | Found a blossoming altar of Fedhas.
  6057 | D:8      | Found a flagged portal.
  6081 | Bailey   | Entered a bailey
  6221 | Bailey   | HP: 3/82 [gnoll (4)]
  6417 | Bailey   | Reached skill level 9 in Axes
  6427 | Bailey   | HP: 3/82 [gnoll sergeant (9)]
  6455 | Bailey   | Identified the +9 rapier of Movus {holy, Str+2}
  6456 | Bailey   | Identified the +2 pair of boots of Soqu {-Tele rF+ Will+
                  | Stlth+}
  6694 | D:8      | Noticed a gargoyle
  6703 | D:8      | Killed from afar by a gargoyle

Illustrated notes

Levels and vault maps discovered:
D:1:      dpeg_arrival_long_road, layout_basic, corner_web_ring
D:2:      layout_loops_ring, chequers_ecumenical_altar_simple
D:3:      layout_loops_cross, lemuel_round_altar
D:4:      layout_loops_ring, nemelex_spade_bored_becter, lemuel_blue_sif_altar,
          minmay_temple_entry_butterflies, uniq_natasha, uniq_eustachio
D:5:      layout_cave_pods, kennysheep_doodads, uniq_duvessa, uniq_edmund,
          uniq_crazy_yiuf_cottage
D:6:      layout_basic, overflow_temple_1_default
D:7:      layout_basic, mainiacjoe_overflow_six_doors_small,
          roderic_three_in_a_row
D:8:      layout_basic, lightli_bailey_entry_fortress, uniq_prince_ribbit1
Temple:   eino_temple_scatter_basement

Skill      XL: |  1  2  3  4  5  6  7  8  9 |
---------------+----------------------------+-----
Fighting       | 3 4 5 6 |  6.0
Axes           | 3 4 6 7 9 |  9.1
Armour         | 4 5 6 7 |  7.2
Shields        | 4 5 6 7 |  7.3
Invocations    | 1 2 3 5 6 |  6.7

Action                   |  1- 3 |  4- 6 |  7- 9 || total
-------------------------+-------+-------+-------++-------
Melee: War axe           |    63 |   199 |    22 ||   284
       Flail             |       |       |   328 ||   328
 Abil: Heal Wounds       |     1 |     3 |    28 ||    32
  Use: Scroll            |       |     7 |     8 ||    15
       Potion            |       |       |     3 ||     3
Armor: Scale mail        |    22 |    84 |       ||   106
       Chain mail        |       |     7 |   218 ||   225
Dodge: Dodged            |    14 |    56 |   194 ||   264
Block: Kite shield       |    35 |   115 |   324 ||   474
